 Dungeon Crawl Stone Soup version 0.30.1-9-gdf580d7c3d (webtiles) character file.

Game seed: 8903135560036586910

694 monsoonserge the Ducker (level 7, 0/55 HPs)
             Began as a Merfolk Monk on Oct 26, 2023.
             Was a Believer of Makhleb.
             Succumbed to a scorpion's poison
             ... on level 5 of the Dungeon.
             The game lasted 00:10:52 (4161 turns).

monsoonserge the Ducker (Merfolk Monk)              Turns: 4161, Time: 00:10:53

Health: 0/55       AC:  6    Str: 11    XL:     7   Next: 64%
Magic:  8/8        EV: 13    Int:  9    God:    Makhleb [**....]
Gold:   269        SH:  0    Dex: 19    Spells: 6/6 levels left

rFire   . . .        l - +0 short sword (venom)
rCold   . . .        d - orb {light}
rNeg    + . .        h - +0 ring mail
rPois   .            (helmet restricted)
rElec   .            g - +0 cloak
rCorr   .            (no gloves)
SInv    .            (no boots)
Will    .....        i - amulet of regeneration
Stlth   +            x - +4 ring of slaying
HPRegen 1.09/turn    z - ring of positive energy
MPRegen 0.11/turn

%: no passive effects
@: lethally poisoned (0 -> -8), attractive, flying, glowing
A: (nimble swimmer 2), mertail, antennae 1, sense surroundings 1, inability to
drink after injury 1
a: Renounce Religion, Minor Destruction


You were on level 5 of the Dungeon.
You worshipped Makhleb.
Makhleb was pleased with you.
You visited 2 branches of the dungeon, and saw 6 of its levels.

You collected 269 gold pieces.

Inventory:

Hand Weapons
 l - a +0 short sword of venom (weapon)
 o - a +0 rapier
Missiles
 s - 3 boomerangs (quivered)
Armour
 b - a +0 robe
 d - an orb of light (worn)
 g - a +0 cloak (worn)
 h - a +0 ring mail (worn)
Jewellery
 i - an amulet of regeneration (around neck)
 x - a +4 ring of slaying (left hand)
 z - a ring of positive energy (right hand)
Wands
 A - a wand of iceblast (4)
Scrolls
 a - a scroll of teleportation {unknown}
 j - 2 scrolls of brand weapon {unknown}
 k - 3 scrolls of vulnerability {unknown}
 q - 2 scrolls of poison {unknown}
 r - a scroll of blinking {unknown}
 u - 2 scrolls of identify {unknown}
 v - a scroll of torment {unknown}
 w - a scroll of amnesia {unknown}
 y - a scroll of acquirement {unknown}
Potions
 c - 2 potions of ambrosia
 e - a potion of flight
 p - a potion of heal wounds {unknown}
 t - a potion of might {unknown}


   Skills:
 + Level 4.8 Fighting
 + Level 5.3(6.0) Short Blades
 - Level 4.0(5.3) Long Blades
 + Level 0.2 Throwing
 + Level 2.8 Armour
 + Level 5.5 Dodging
 * Level 2.3 Invocations


You had 6 spell levels left.
You didn't know any spells.
Your spell library contained the following spells:

 Spells                   Type           Power      Damage    Failure   Level
 Foxfire                  Conj/Fire      0%         2x1d4     67%         1
 Shock                    Conj/Air       0%         1d3       67%         1
 Swiftness                Air            0%         N/A       95%         3
 Airstrike                Air            0%         2d(0-16)  100%        4
 Alistair's Intoxication  Tmut/Pois      0%         N/A       100%        5
 Borgnjor's Vile Clutch   Necr/Erth      0%         N/A       100%        5
 Fireball                 Conj/Fire      0%         3d3       100%        5
 Eringya's Noxious Bog    Tmut/Pois      0%         N/A       100%        6
 Plasma Beam              Fire/Air       0%         2x1d11    100%        6
 Starburst                Conj/Fire      0%         6d3       100%        6


Dungeon Overview and Level Annotations

Branches:
Dungeon (5/15)             Temple (1/1) D:4

Altars:
Ashenzari
Cheibriados
Dithmenos
Fedhas
Hepliaklqana
Makhleb
Okawaru
Trog
Vehumet
Wu Jian
Xom
Yredelemnul
The Shining One

Shops:
D:3 :


Innate Abilities, Weirdness & Mutations

((You are very nimble when in or above water. (Stealth+, EV+, Speed+++)))
Your lower body shifts to a powerful aquatic tail in water.
You have a pair of small antennae on your head.
You passively map a small area around you.
You occasionally lose the ability to drink potions when taking damage.


Message History

The hound misses you.
You hit the scorpion but do no damage. The hound bites you.
* * * LOW HITPOINT WARNING * * *
The scorpion closely misses you.
It was a potion of flight.
You feel very buoyant.
You fly up into the air.
The hound bites you but does no damage. The scorpion misses you.
The adder barely misses you.
It was a potion of mutation.
You feel extremely strange. A pair of antennae grows on your head!
You feel a strange attunement to the structure of the dungeons.
You occasionally lose the ability to drink potions when taking damage.
The hound bites you.
* * * LOW HITPOINT WARNING * * *
The adder closely misses you. The scorpion barely misses you.
The hound bites you.
* * * LOW HITPOINT WARNING * * *
Unknown command.
It was a potion of curing.
You feel better. The adder bites you.
* * * LOW HITPOINT WARNING * * *
The hound closely misses you.
The scorpion stings you but does no damage.
You barely miss the hound.
The hound is moderately wounded.
The hound barely misses you. The adder closely misses you.
The scorpion misses you.
You closely miss the hound.
The hound is heavily wounded.
The hound bites you.
* * * LOW HITPOINT WARNING * * *
The adder bites you.
* * * LOW HITPOINT WARNING * * *
You are poisoned.
The adder poisons you! The scorpion stings you.
* * * LOW HITPOINT WARNING * * *
You are lethally poisoned!
The scorpion poisons you!
It was a potion of attraction.
You feel attractive to monsters.
You die...

..>#....######.#.#
* ...#
#....<)##...# ...#
#.####))....##
##.# #..).†##...#
* #* #
#.##.###...# * ..
#.......# ...
*#####...## ...
###...#### *,## *
#..@.....# *
#.Ssh....#
#........# ,
*#..$.....# , , *
, ..$......#
.#........#
*#.##.......# , ,
# ..####.## * *


You could see a scorpion, a hound (very poisoned) and an adder.

Vanquished Creatures
  A black bear (D:3)
  An ogre (D:5)
  A phantom (D:4)
  An orc priest (D:5)
  A gnoll bouda (D:4)
  A hound (D:4)
  An iguana (D:4)
  An orc wizard (D:5)
  12 gnolls
  8 adders
  A white imp (D:5)
  An ufetubus (D:4)
  A worm (D:4)
  A dart slug (D:1)
  11 orcs
  5 endoplasms
  4 giant cockroaches
  7 goblins
  8 hobgoblins
  4 quokkas
  7 ball pythons
  3 bats
  4 frilled lizards
  13 kobolds
  3 rats
  A spectral orc (D:3)
102 creatures vanquished.

Notes
Turn   | Place    | Note
-------+----------+-------------------------------------------
     0 | D:1      | monsoonserge the Merfolk Monk began the quest for the Orb.
     0 | D:1      | Reached XP level 1. HP: 18/18 MP: 1/1
     6 | D:1      | Noticed a swamp worm
     6 | D:1      | Noticed a swamp drake
     6 | D:1      | Noticed a komodo dragon
     6 | D:1      | Noticed a black bear
   244 | D:1      | Reached XP level 2. HP: 22/24 MP: 2/2
   462 | D:1      | You fall into a shaft and drop 1 floor!
   529 | D:2      | Found a radiant altar of Vehumet.
  1008 | D:2      | Reached XP level 3. HP: 27/29 MP: 3/3
  1248 | D:2      | Reached skill level 1 in Short Blades
  1248 | D:2      | Reached skill level 1 in Armour
  1311 | D:2      | Reached XP level 4. HP: 37/37 MP: 4/4
  1633 | D:3      | Noticed a black bear
  1774 | D:3      | Found a basalt altar of Yredelemnul.
  1810 | D:3      | Found Qammal Ruteo's Vocational Training.
  1857 | D:3      | Found an ornate altar of the Wu Jian Council.
  1859 | D:3      | Found a bloodstained altar of Trog.
  2005 | D:3      | Reached XP level 5. HP: 38/42 MP: 5/5
  2208 | D:3      | Killed a black bear
  2209 | D:3      | Reached skill level 5 in Dodging
  2209 | D:3      | Reached XP level 6. HP: 28/48 MP: 6/6
  2453 | D:4      | Found a staircase to the Ecumenical Temple.
  2491 | Temple   | Entered the Ecumenical Temple
  2739 | Temple   | Became a worshipper of Makhleb the Destroyer
  2739 | Temple   | Reached * piety under Makhleb
  2739 | Temple   | Reached ** piety under Makhleb
  3856 | D:4      | Reached skill level 1 in Invocations
  3871 | D:5      | Entered Level 5 of the Dungeon
  3892 | D:4      | Reached XP level 7. HP: 54/55 MP: 6/8
  4125 | D:5      | Reached skill level 5 in Short Blades
  4157 | D:5      | Gained mutation: You have a pair of small antennae on your
                  | head. [potion of mutation]
  4157 | D:5      | Gained mutation: You passively map a small area around you.
                  | [potion of mutation]
  4157 | D:5      | Gained mutation: You occasionally lose the ability to drink
                  | potions when taking damage. [potion of mutation]
  4157 | D:5      | HP: 1/55 [hound (3)]
  4161 | D:5      | Succumbed to a scorpion's poison

Illustrated notes

Levels and vault maps discovered:
D:1:      onia_arrival_zoo_common, layout_basic
D:2:      layout_loops_ring, basic_altar
D:3:      layout_basic, yredelemnul_forgotten_temple_becter,
          mainiacjoe_overflow_catwalk_spiral, grunt_ministairs_12,
          small_statue_intersection, hangedman_feature_mirror,
          nicolae_shop_vocational
D:4:      layout_basic, minmay_temple_entry_statues_pillars, grunt_ministairs_3,
          ebering_dispersal_statue_hall
D:5:      layout_rooms, serial_curves, eino_curves_04, eino_curves_02,
          eino_curves_04, eino_curves_03, minmay_between
Temple:   dpeg_chambers_temple

Skill      XL: |  1  2  3  4  5  6  7 |
---------------+----------------------+-----
Long Blades    | 4 |  4.0
Short Blades   | 1 2 3 4 5 |  5.3
Armour         | 1 2 |  2.8
Fighting       | 4 |  4.8
Dodging        | 5 |  5.5
Invocations    | 1 2 |  2.3
Throwing       | |  0.2

Action                     |  1- 3 |  4- 6 |  7- 9 || total
---------------------------+-------+-------+-------++-------
  Melee: Falchion          |    38 |       |       ||    38
         Short sword       |    48 |   187 |    36 ||   271
  Throw: Boomerang         |       |     4 |       ||     4
 Invoke: Minor Destruction |       |     8 |       ||     8
    Use: Potion            |       |       |     4 ||     4
 Armour: Ring mail         |    32 |    45 |    10 ||    87
         Robe              |     1 |       |       ||     1
  Dodge: Dodged            |    45 |   127 |    29 ||   201
